 Dungeon Crawl Stone Soup version 0.30.1-11-g7821555f0a (webtiles) character file.

Game seed: 8092740003632957465

4318 pkoi the Destroyer (level 10, -16/69 HPs)
             Began as a Black Draconian Conjurer on Nov 20, 2023.
             Was a Follower of Vehumet.
             Demolished by Gastronok (27 damage)
             ... on level 7 of the Dungeon.
             The game lasted 00:15:44 (10929 turns).

pkoi the Destroyer (Black Draconian Conjurer)      Turns: 10929, Time: 00:15:45

Health: -16/69     AC:  8    Str: 13    XL:     10   Next: 11%
Magic:  1/18       EV: 12    Int: 25    God:    Vehumet [*.....]
Gold:   383        SH:  0    Dex:  9    Spells: 7/20 levels left

rFire   + + .        a - +2 trident "Eriaczir" {vamp, rF+ Str+3 Int+2}
rCold   . . .        (no shield)
rNeg    + . .        (body armour unavailable)
rPois   .            (helmet restricted)
rElec   +            j - scarf {repulsion}
rCorr   .            n - +0 pair of gloves
SInv    .            (no boots)
Will    .....        b - amulet of the acrobat
Stlth   ++           m - ring of protection from fire
HPRegen 0.31/turn    C - ring of positive energy
MPRegen 0.16/turn

%: repel missiles, acrobat
@: no status effects
A: breathe lightning, AC +7, unfitting armour, electricity resistance,
cold-blooded
a: Breathe Lightning, Renounce Religion


You were on level 7 of the Dungeon.
You worshipped Vehumet.
Vehumet was aware of your devotion.
You visited 2 branches of the dungeon, and saw 9 of its levels.

You collected 612 gold pieces.
You spent 229 gold pieces at shops.

Inventory:

Hand Weapons
 a - the +2 trident "Eriaczir" (weapon) {vamp, rF+ Str+3 Int+2}
   (You took it off a gnoll sergeant on level 8 of the Dungeon)

   Str:       It affects your strength (+3).
   Int:       It affects your intelligence (+2).
   rF:        It protects you from fire.
 c - a +2 whip of venom
Missiles
 t - 2 throwing nets
Armour
 j - a scarf of repulsion (worn)
 n - a +0 pair of gloves (worn)
 q - an orb of guile
Magical Staves
 f - a staff of poison
Jewellery
 b - an amulet of the acrobat (around neck)
 m - a ring of protection from fire (left hand)
 A - a +6 ring of strength
 C - a ring of positive energy (right hand)
Wands
 l - a wand of flame (50)
 z - a wand of charming (5)
Scrolls
 e - 5 scrolls of enchant armour
 k - a scroll of acquirement
 o - 3 scrolls of teleportation
 p - 3 scrolls of fear
 r - a scroll of amnesia
 s - a scroll of butterflies
 v - a scroll of blinking
 x - a scroll of enchant weapon
 y - a scroll of vulnerability {unknown}
 B - a scroll of silence
 D - a scroll of poison
 E - a scroll of immolation {unknown}
Potions
 d - 3 potions of haste
 g - 5 potions of curing
 h - a potion of brilliance
 u - a potion of cancellation
 w - a potion of flight


   Skills:
 - Level 1.7 Dodging
 - Level 1.7 Stealth
 + Level 5.8 Spellcasting
 + Level 9.6 Conjurations
 + Level 6.0 Hexes
 + Level 7.8 Translocations


You had 7 spell levels left.
You knew the following spells:

 Your Spells              Type           Power      Damage    Failure   Level
a - Magic Dart            Conj           100%       1d8       1%          1
b - Searing Ray           Conj           100%       2d8       1%          2
c - Iskenderun's Mystic   Conj/Tloc      50%        2d11      1%          4
d - Fulminant Prism       Conj/Hex       23%        3d12      3%          4
e - Blink                 Tloc           92%        N/A       1%          2

Your spell library contained the following spells:

 Spells                   Type           Power      Damage    Failure   Level
 Foxfire                  Conj/Fire      100%       2x1d9     1%          1
 Lesser Beckoning         Tloc           92%        N/A       1%          2
 Momentum Strike          Conj/Tloc      100%       3d10      1%          2
 Dazzling Flash           Conj/Hex       92%        N/A       1%          3
 Ensorcelled Hibernation  Hex/Ice        44%        N/A       3%          2
 Cause Fear               Hex            18%        N/A       6%          4
 Passwall                 Tmut/Erth      5%         N/A       12%         2
 Swiftness                Air            7%         N/A       22%         3
 Anguish                  Hex/Necr       11%        N/A       22%         4
 Enfeeble                 Hex            18%        N/A       99%         7
 Chain Lightning          Conj/Air       15%        3d20      100%        9
 Fire Storm               Conj/Fire      15%        8d4       100%        9
 Shatter                  Erth           3%         3d7*      100%        9


Dungeon Overview and Level Annotations

Branches:
Dungeon (8/15)             Temple (1/1) D:7
   Lair: D:8-11

Altars:
Ashenzari
Cheibriados
Dithmenos
Elyvilon
Fedhas
Gozag
Hepliaklqana
Kikubaaqudgha
Makhleb
Nemelex Xobeh
Okawaru
Qazlal
Ru
Sif Muna
Trog
Uskayaw
Vehumet
Wu Jian
Xom
Yredelemnul
Zin
The Shining One

Shops:
D:3 !   D:4 ?   D:5 (   D:8 *

Annotations:
D:7 Gastronok


Innate Abilities, Weirdness & Mutations

You can breathe wild blasts of lightning.
Your glossy black scales are hard. (AC +7)
You cannot fit into any form of body armour.
You are resistant to electric shocks. (rElec)
You are cold-blooded and may be slowed by cold attacks.


Message History

The bolt of dispelling energy hits Gastronok!
Gastronok is heavily wounded.
Gastronok's magical effects unravel!
Gastronok bites you!!
* * * LOW HITPOINT WARNING * * *
Unknown command.
Aiming: Quicksilver Bolt
Press: ? - help, Shift-Dir - straight line, f/p - Gastronok
Aim: Gastronok, wearing the +3 hat of Pondering {ponderous, Will+ MP+10 Int+5} (heavily wounded, 100% to hit)
The bolt of dispelling energy hits Gastronok!!
Gastronok is severely wounded.
Unknown command.
Unknown command.
Aiming: Quicksilver Bolt
Press: ? - help, Shift-Dir - straight line, f/p - Gastronok
Aim: Gastronok, wearing the +3 hat of Pondering {ponderous, Will+ MP+10 Int+5} (severely wounded, 100% to hit)
The bolt of dispelling energy hits Gastronok!
Gastronok is severely wounded.
Gastronok looks at you and mumbles some strange words.
You barely resist.
Unknown command.
Aiming: Quicksilver Bolt
Press: ? - help, Shift-Dir - straight line, f/p - Gastronok
Aim: Gastronok, wearing the +3 hat of Pondering {ponderous, Will+ MP+10 Int+5} (severely wounded, 100% to hit)
The bolt of dispelling energy hits Gastronok.
Gastronok is almost dead.
Unknown command.
Aiming: Quicksilver Bolt
Press: ? - help, Shift-Dir - straight line, f/p - Gastronok
Aim: Gastronok, wearing the +3 hat of Pondering {ponderous, Will+ MP+10 Int+5} (almost dead, 100% to hit)
The bolt of dispelling energy hits Gastronok!
Gastronok is almost dead.
Unknown command.
Unknown command.
Aiming: Quicksilver Bolt
Press: ? - help, Shift-Dir - straight line, f/p - Gastronok
Aim: Gastronok, wearing the +3 hat of Pondering {ponderous, Will+ MP+10 Int+5} (almost dead, 100% to hit)
The bolt of dispelling energy hits Gastronok!
Gastronok is almost dead.
The now-empty wand crumbles to dust.
Gastronok bites you!!
You die...

...###+####'####...#......#+####
...............#...##+###<.....##
...............'...'....'........
...............#...#....#........
........>......#...#....#........
888............#...##...#######..
888............#...##...##....#..
....##'#.......#w...#.........#..
....#..#.......#@...#.........##'
....#..#.......#############..##.
....#..+...................#..##.
888.#..#...................#.....
888.#..#...................+..##.
....##+#...................#..###
#####.....##+#######.......#..#..
....#.....#........#.......#..#..
..[.#.....#........#.......#..###


You could see Gastronok.

Vanquished Creatures
  Pikel (D:5)
  Maurice (D:8)
  Sigmund (D:6)
  Eustachio (D:5)
  6 yaks (D:8)
  A water moccasin (D:7)
  2 orc warriors
  An ice beast (D:7)
  A sky beast (D:6)
  An ogre (D:4)
  3 lemures
  A phantom (D:6)
  A kobold brigand (D:8)
  Blork the orc (D:5)
  3 bullfrogs
  2 scorpions (D:6)
  A gnoll sergeant (D:8)
  A wight (D:7)
  3 vampire bats (D:8)
  6 howler monkeys
  A hound (D:5)
  2 jellies
  4 orc priests
  A gnoll bouda (D:5)
  8 iguanas
  2 orc wizards
  9 adders
  8 gnolls
  A shadow imp (D:5)
  2 white imps
  3 ufetubi
  2 dart slugs
  36 orcs
  18 bats
  11 endoplasms
  2 giant cockroaches
  16 goblins
  5 hobgoblins
  9 kobolds
  2 quokkas
  10 ball pythons
  5 frilled lizards
  2 rats (D:2)
197 creatures vanquished.

Vanquished Creatures (others)
  35 fulminant prisms
35 creatures vanquished.

Grand Total: 232 creatures vanquished

Notes
Turn   | Place    | Note
-------+----------+-------------------------------------------
     0 | D:1      | pkoi the Draconian Conjurer began the quest for the Orb.
     0 | D:1      | Reached XP level 1. HP: 14/14 MP: 3/3
   297 | D:1      | Reached XP level 2. HP: 20/20 MP: 3/5
   382 | D:1      | Learned a level 2 spell: Searing Ray
  1449 | D:2      | Reached XP level 3. HP: 26/26 MP: 4/6
  1822 | D:2      | Reached skill level 5 in Conjurations
  2407 | D:3      | Identified a scroll of acquirement
  2516 | D:3      | Reached XP level 4. HP: 33/33 MP: 3/8
  2843 | D:3      | Learned a level 4 spell: Iskenderun's Mystic Blast
  3076 | D:3      | Found Baitidup's Distillery.
  3084 | D:3      | Bought a potion of degeneration for 12 gold pieces
  3084 | D:3      | Bought a potion of haste for 120 gold pieces
  3226 | D:3      | Identified the +10 plate armour of a Gauntlet {rCorr Str+3}
  3482 | D:4      | Reached skill level 1 in Translocations
  3637 | D:4      | Reached XP level 5. HP: 38/38 MP: 2/9
  4120 | D:4      | Found Siter Jemm's Magic Scroll Shoppe.
  4272 | D:4      | Noticed an ogre
  4289 | D:4      | Killed an ogre
  4290 | D:4      | Reached skill level 6 in Conjurations
  4290 | D:4      | Reached XP level 6. HP: 45/45 MP: 4/10
  4475 | D:5      | Entered Level 5 of the Dungeon
  4908 | D:5      | Noticed Eustachio
  5098 | D:4      | Learned a level 4 spell: Fulminant Prism
  5135 | D:5      | Killed Eustachio
  5136 | D:5      | Reached skill level 1 in Hexes
  5136 | D:5      | Your scales start taking on a glossy black colour.
  5136 | D:5      | Reached XP level 7. HP: 37/50 MP: 0/11
  5136 | D:5      | Gained mutation: You are resistant to electric shocks.
                  | (rElec) [Black Draconian growth]
  5238 | D:5      | Noticed Pikel
  5270 | D:5      | Killed Pikel
  5271 | D:5      | Reached skill level 7 in Conjurations
  5271 | D:5      | Reached skill level 5 in Translocations
  5271 | D:5      | Reached XP level 8. HP: 10/57 MP: 1/12
  5450 | D:5      | Noticed Blork the orc
  5459 | D:5      | Killed Blork the orc
  5582 | D:4      | Bought a scroll of blinking for 97 gold pieces
  5970 | D:5      | Found Gaog's Antique Weapon Shop.
  6651 | D:6      | Learned a level 2 spell: Blink
  7138 | D:6      | Reached skill level 8 in Conjurations
  7581 | D:6      | Noticed Sigmund
  7592 | D:6      | Killed Sigmund
  8172 | D:7      | Reached XP level 9. HP: 62/62 MP: 8/15
  8780 | D:7      | Found a staircase to the Ecumenical Temple.
  8811 | Temple   | Entered the Ecumenical Temple
  8915 | Temple   | Became a worshipper of Vehumet
  9282 | D:8      | Reached skill level 5 in Hexes
  9393 | D:8      | Reached skill level 5 in Spellcasting
  9393 | D:8      | Reached skill level 9 in Conjurations
  9619 | D:8      | Noticed Gastronok
  9973 | D:8      | Found a stormy altar of Qazlal.
 10147 | D:8      | Reached * piety under Vehumet
 10147 | D:8      | Offered knowledge of Foxfire by Vehumet.
 10152 | D:8      | Identified the +2 trident "Eriaczir" {vamp, rF+ Str+3
                  | Int+2}
 10185 | D:8      | Reached XP level 10. HP: 29/69 MP: 11/18
 10439 | D:8      | Noticed Maurice
 10442 | D:8      | Found Deomud's CLEARANCE SALE!.
 10611 | D:8      | Killed Maurice
 10929 | D:7      | Demolished by Gastronok

Illustrated notes

Levels and vault maps discovered:
D:1:      dpeg_arrival_chambers_temple_mockup, layout_loops_cross,
          serial_bayou_crossing
D:2:      layout_loops_ring, st_stairs_3, nicolae_underground_beach
D:3:      layout_loops_ring, serial_shops, shop, minivault_24, minmay_unequal
D:4:      nicolae_BIG_FREAKIN_CUBE, layout_cave_pools, serial_shops,
          kennysheep_mini, minmay_ogre_servants
D:5:      layout_loops_cross, serial_shops, nicolae_shop_window_shopping,
          uniq_pikel, uniq_eustachio, uniq_blork_the_orc
D:6:      layout_basic, grunt_ministairs_10, minmay_fractal_squares_gapless_5,
          uniq_sigmund
D:7:      layout_gridville, minmay_temple_entry_hall,
          hellmonk_bongcloud_opening, small_statue_alley_b,
          kennysheep_generic_room_8
D:8:      layout_basic, nicolae_qazlal_general_emergency, roderic_batcave,
          minmay_gold_behind_fungi, nicolae_shop_clearance, uniq_maurice,
          uniq_gastronok
Temple:   compressed_dpeg_circular_temple

Skill      XL: |  1  2  3  4  5  6  7  8  9 10 |
---------------+-------------------------------+-----
Conjurations   | 5 6 7 8 9 |  9.6
Spellcasting   | 3 4 5 |  5.8
Translocations | 1 2 4 5 6 7 |  7.8
Hexes          | 1 2 4 5 6 |  6.0
Dodging        | |  1.7
Stealth        | |  1.7

Action                     |  1- 3 |  4- 6 |  7- 9 | 10-12 || total
---------------------------+-------+-------+-------+-------++-------
  Melee: Staff             |     1 |    24 |    35 |       ||    60
         Dagger            |     1 |     4 |     7 |       ||    12
         Tailslap          |       |     1 |     5 |       ||     6
         Punch             |       |       |     1 |       ||     1
         Trident           |       |       |       |     4 ||     4
   Cast: Magic Dart        |    89 |    96 |   132 |    11 ||   328
         Searing Ray       |       |    12 |    17 |       ||    29
         Fulminant Prism   |       |       |    19 |    16 ||    35
         Iskenderun's Myst |       |       |    18 |     7 ||    25
Ability: Breathe Lightning |       |       |     3 |       ||     3
  Evoke: Wand              |       |     2 |     4 |     6 ||    12
    Use: Scroll            |     8 |     2 |     3 |     2 ||    15
         Potion            |     1 |       |     1 |       ||     2
 Armour: Skin              |     1 |     6 |    21 |     2 ||    30
  Dodge: Dodged            |    11 |    49 |    69 |    17 ||   146
         Repelled          |       |     1 |     3 |       ||     4
